 Dungeon Crawl Stone Soup version 0.20.1-1-g8b1a95d (webtiles) character file.

4641 dvd the Chopper (level 10, -3/92 HPs)
             Began as a Troll Summoner on Oct 24, 2017.
             Was an Elder of Okawaru.
             Killed from afar by Erica (23 damage)
             ... with an orb of energy
             ... on level 8 of the Dungeon.
             The game lasted 00:29:25 (7105 turns).

dvd the Chopper (Troll Summoner)                    Turns: 7105, Time: 00:29:27

Health: -3/92      AC:  6    Str: 18    XL:     10   Next: 20%
Magic:  3/5        EV: 10    Int: 13    God:    Okawaru [****..]
Gold:   238        SH: 14    Dex: 11    Spells: 6/15 levels left

rFire    . . .     SeeInvis .   p - +4 hand axe (vamp)
rCold    . . .     Gourm    +   t - +5 shield of the Chupacabra {+Inv MP-9 Slay+5 Stlth-}
rNeg     . . .     Faith    .   a - +1 robe
rPois    .         Spirit   .   (helmet restricted)
rElec    .         Reflect  .   (no cloak)
rCorr    .         Harm     .   (gloves unavailable)
MR       .....                  (boots unavailable)
Stlth    +.........             (no amulet)
Regen    0.7/turn               h - ring of flight
MPRegen  0.1/turn               C - ring of wizardry

@: lethally poisoned (-3 -> -5)
A: unfitting armour, claws 3, fast metabolism 3, gourmand, regeneration 1,
shaggy fur 1, tough skin 2
a: Heroism, Renounce Religion, Evoke Invisibility, Evoke Flight


You were on level 8 of the Dungeon.
You worshipped Okawaru.
Okawaru was greatly pleased with you.
You were very full.

You visited 2 branches of the dungeon, and saw 9 of its levels.
You also visited: Sewer and Ossuary.

You collected 414 gold pieces.
You spent 176 gold pieces at shops.

Inventory:

Hand Weapons
 p - a +4 vampiric hand axe (weapon)
 u - a +0 flail of protection
 y - a +1 whip of electrocution
Armour
 a - a +1 robe (worn)
 r - a +1 animal skin
 t - the +5 shield of the Chupacabra (worn) {+Inv MP-9 Slay+5 Stlth-}
   (You found it on level 4 of the Dungeon)

   It affects your accuracy and damage with ranged weapons and melee attacks
   (+5).
   It affects your magic capacity (-9).
   It lets you turn invisible.
   It makes you less stealthy.
Jewellery
 h - a ring of flight (left claw)
 C - a ring of wizardry (right claw)
Wands
 v - a wand of polymorph (0/24)
 D - a wand of lightning (2/15)
Scrolls
 e - a scroll of amnesia
 j - 3 scrolls of teleportation
 k - 5 scrolls of identify
 l - 3 scrolls of fear
 m - 4 scrolls of remove curse
 o - 4 scrolls of magic mapping
 B - a scroll of enchant armour
Potions
 g - a potion of heal wounds
 i - a potion of might {unknown}
 n - 2 potions of brilliance
 q - 3 potions of flight
 s - a potion of lignification
 z - 2 potions of curing
 A - a potion of mutation
Books
 b - a book of Callings

   Spells                             Type                      Level
   a - Summon Small Mammal            Summoning                    1
   b - Call Imp                       Summoning                    2
   c - Call Canine Familiar           Summoning                    3
   d - Summon Guardian Golem          Hexes/Summoning              3
   e - Summon Lightning Spire         Summoning/Air                4
   f - Summon Ice Beast               Ice/Summoning                4
 x - the Volume of the Creative Glacier
   (You found it on level 6 of the Dungeon)

   Spells                             Type                      Level
   a - Throw Frost                    Conjuration/Ice              2
   b - Ensorcelled Hibernation        Hexes/Ice                    2
   c - Ozocubu's Armour               Charms/Ice                   3
   d - Ice Form                       Ice/Transmutation            4
   e - Summon Hydra                   Summoning                    7
Comestibles
 c - 9 bread rations
 d - 5 meat rations
 f - 5 royal jellies
 w - 4 fruits
 E - 2 chunks of flesh


   Skills:
 + Level 3.9 Fighting
 + Level 7.3 Axes
 + Level 0.1(4.9) Maces & Flails
 + Level 5.5 Dodging
 + Level 1.8 Stealth
 + Level 4.4 Shields
 + Level 1.4 Unarmed Combat
 * Level 3.3 Spellcasting
 + Level 4.0 Summonings
 + Level 0.1 Evocations


You had 6 spell levels left.
You knew the following spells:

 Your Spells              Type           Power        Failure   Level  Hunger
a - Summon Small Mammal   Summ           ##..         4%          1    #......
b - Call Imp              Summ           ##......     6%          2    ##.....
c - Call Canine Familiar  Summ           ##......     13%         3    ###....
d - Ozocubu's Armour      Chrm/Ice       #.......     52%         3    ###....


Dungeon Overview and Level Annotations

Branches:
Dungeon (8/15)             Temple (1/1) D:4
   Lair: D:8-11

Altars:
Ashenzari
Cheibriados
Elyvilon
Fedhas
Gozag
Hepliaklqana
Kikubaaqudgha
Makhleb
Nemelex Xobeh
Okawaru
Qazlal
Ru
Sif Muna
Trog
Uskayaw
Vehumet
Xom
Yredelemnul
Zin

Shops:
D:6 !   D:7 }

Annotations:
D:8 Erica


Innate Abilities, Weirdness & Mutations

You are too large for most types of armour.
You have claws for hands.
Your metabolism is lightning-fast.
You like to eat raw meat.
Your natural rate of healing is unusually fast.
You are covered in fur. (AC +1)
You have very tough skin. (AC +2)


Message History

You slash something! Something hits you but does no damage.
You closely miss something. Something hits you. Something burns you.
You hit something.
You feel better.
You hit something.
You hear some strange, mumbled words.
A bolt of poison appears from out of thin air!
The bolt of poison hits you!
You are poisoned.
* * * LOW HITPOINT WARNING * * *
Unknown command.
Evoke which item? (* to show all) (? for menu, Esc to quit)
Aiming: Lightning Bolt (will waste charges)
Press: ? - help, Shift-Dir - straight line You hear a mighty clap of thunder!
Evoking this partially-identified wand wasted a few charges.
You feel sick.
You hear some strange, mumbled words.
An orb of energy appears from out of thin air!
The orb of energy hits you!
You die...

..............
.............
............ ...........
..........# #........##
#....{..$.## ### ###
#....@....###.## ##.##
.....###..####...# #...#
... ##.####...###...#
....(###...)#[.#..#..#..
...........#.###.#.###.
....######(..# #...# #.
..........(.## ##.## ##
######### #.######..#
#.# # #<......#
#.############### #


There were no monsters in sight!

Vanquished Creatures
  A two-headed ogre (D:8)
  The ghost of lorenzova the Thaumaturge, a novice DECj of Vehumet (D:8)
  A troll (D:8)
  A hippogriff (D:7)
  A spriggan (D:7)
  A vampire (D:7)
  A hungry ghost (D:7)
  2 ice beasts
  2 orc warriors (D:6)
  2 phantoms
  2 ogres
  3 centaurs
  A big kobold (Sewer)
  An elf zombie (Ossuary)
  4 bullfrogs
  2 scorpions (D:7)
  5 killer bees (D:7)
  3 centaur zombies (Ossuary)
  2 crimson imps (D:5)
  3 orc priests
  A bullfrog zombie (D:6)
  4 hounds
  A bullfrog skeleton (D:5)
  2 orc wizards (D:8)
  4 worker ants
  A hound zombie (D:6)
  3 hound skeletons
  A mummy (Ossuary)
  4 gnolls (D:3)
  9 adders
  2 river rats (Sewer)
  A shadow imp (D:6)
  An adder zombie (D:6)
  An adder skeleton (D:7)
  2 worms
  3 leopard geckos
  21 orcs
  2 ball pythons
  4 giant cockroaches
  7 goblins
  13 hobgoblins
  5 jackals
  14 kobolds
  7 bats
  2 gnoll zombies (D:4)
  2 goblin zombies (Ossuary)
  4 hobgoblin zombies (Ossuary)
  A jackal zombie (Ossuary)
  6 kobold zombies (Ossuary)
  12 orc zombies (Ossuary)
  A quokka zombie (D:6)
  7 rats
187 creatures vanquished.

Vanquished Creatures (collateral kills)
  A crimson imp (D:3)
  A human zombie (Ossuary)
  An orc wizard (D:3)
  A big kobold zombie (Ossuary)
  A mummy (Ossuary)
  2 gnolls
  An adder (D:2)
  An adder zombie (Ossuary)
  A bat (D:3)
  2 jackals (D:3)
  2 frilled lizards
  A hobgoblin zombie (Ossuary)
  3 kobolds
  3 orc zombies (Ossuary)
21 creatures vanquished.

Grand Total: 208 creatures vanquished

Notes
Turn   | Place    | Note
-------+----------+-------------------------------------------
     0 | D:1      | dvd the Troll Summoner began the quest for the Orb.
     0 | D:1      | Reached XP level 1. HP: 16/16 MP: 1/1
   143 | D:1      | Reached XP level 2. HP: 22/24 MP: 3/3
   211 | D:1      | Learned a level 2 spell: Call Imp
   272 | D:1      | Reached skill level 1 in Unarmed Combat
   630 | D:2      | Reached XP level 3. HP: 27/31 MP: 2/4
  1085 | D:3      | Reached XP level 4. HP: 27/39 MP: 0/5
  1338 | D:3      | Found an opulent altar of Gozag.
  1476 | D:3      | Found an ancient bone altar of Kikubaaqudgha.
  1499 | D:3      | Found a shimmering altar of Xom.
  1500 | D:3      | Found a burning altar of Makhleb.
  1522 | D:3      | Reached skill level 1 in Axes
  1522 | D:3      | Reached XP level 5. HP: 39/46 MP: 1/6
  2076 | D:4      | Found a sand-covered staircase.
  2085 | Ossuary  | Entered an ossuary
  2227 | Ossuary  | Reached skill level 1 in Fighting
  2227 | Ossuary  | Reached skill level 2 in Axes
  2264 | Ossuary  | Reached XP level 6. HP: 31/55 MP: 5/8
  2354 | Ossuary  | Learned a level 3 spell: Call Canine Familiar
  2522 | D:4      | Reached skill level 3 in Axes
  2669 | D:4      | Reached XP level 7. HP: 34/62 MP: 3/9
  2749 | D:4      | Found a staircase to the Ecumenical Temple.
  2760 | Temple   | Entered the Ecumenical Temple
  2804 | Temple   | Became a worshipper of Warmaster Okawaru
  2968 | D:4      | Got a steaming shield
  2974 | D:4      | Identified the +5 shield of the Chupacabra {+Inv MP-9 Slay+5 Stlth-} (You found it on level 4 of the Dungeon)
  3082 | D:4      | Found a basalt altar of Yredelemnul.
  3297 | D:5      | Entered Level 5 of the Dungeon
  3756 | D:5      | Reached skill level 4 in Axes
  3756 | D:5      | Reached skill level 1 in Shields
  4253 | D:5      | Reached * piety under Okawaru
  4253 | D:5      | Reached XP level 8. HP: 72/74 MP: 1/10
  4695 | D:6      | Found a glowing drain.
  4725 | D:6      | Identified the Volume of the Creative Glacier
  4737 | D:6      | Learned a level 3 spell: Ozocubu's Armour
  4754 | Sewer    | Entered a sewer
  4839 | Sewer    | Found a white marble altar of Elyvilon.
  4965 | D:6      | Found Nisyigg's Distillery.
  4971 | D:6      | Bought a potion of mutation for 88 gold pieces
  4971 | D:6      | Bought a potion of curing for 33 gold pieces
  4971 | D:6      | Bought a potion of heal wounds for 55 gold pieces
  5038 | D:6      | Found a hide-covered altar of Uskayaw.
  5042 | D:6      | Found a shattered altar of Ashenzari.
  5241 | D:6      | Reached skill level 5 in Axes
  5349 | D:6      | Found a white marble altar of Elyvilon.
  5780 | D:7      | Found Kesuifila's Gadget Boutique.
  5855 | D:7      | Found a hazy altar of Hepliaklqana.
  5892 | D:7      | Reached ** piety under Okawaru
  5982 | D:7      | Reached XP level 9. HP: 73/81 MP: 2/11
  6038 | D:7      | Reached skill level 6 in Axes
  6607 | D:7      | Reached *** piety under Okawaru
  6689 | D:8      | Noticed a two-headed ogre
  6876 | D:8      | Killed a two-headed ogre
  6876 | D:8      | Reached skill level 7 in Axes
  6876 | D:8      | Reached skill level 5 in Dodging
  6913 | D:8      | Noticed a troll
  6919 | D:8      | Killed a troll
  6919 | D:8      | Reached XP level 10. HP: 92/92 MP: 1/13
  7013 | D:8      | Noticed lorenzova's ghost (novice DECj)
  7023 | D:8      | Killed lorenzova's ghost
  7023 | D:8      | Reached **** piety under Okawaru
  7079 | D:8      | Noticed Erica
  7105 | D:8      | Killed from afar by Erica

Skill      XL: |  1  2  3  4  5  6  7  8  9 |
---------------+----------------------------+-----
Summonings     | 3 4 |  4.0
Unarmed Combat | 1 |  1.4
Dodging        | 2 3 4 5 |  5.5
Axes           | 1 2 3 4 5 7 |  7.3
Fighting       | 1 2 3 |  3.9
Spellcasting   | 2 3 |  3.3
Shields        | 1 3 4 |  4.4
Maces & Flails | |  0.1
Stealth        | |  1.8
Evocations     | |  0.1

Action                   |  1- 3 |  4- 6 |  7- 9 | 10-12 || total
-------------------------+-------+-------+-------+-------++-------
Melee: Unarmed           |    47 |       |       |       ||    47
       Whip              |     9 |       |       |       ||     9
       Hand axe          |    77 |   221 |   344 |    43 ||   685
       Punch             |       |     2 |       |       ||     2
 Cast: Summon Small Mamm |    16 |     3 |     1 |       ||    20
       Call Imp          |     9 |    23 |     1 |       ||    33
       Call Canine Famil |       |     3 |     2 |       ||     5
Invok: Heroism           |       |       |     2 |     3 ||     5
Evoke: Wand              |       |       |     1 |     2 ||     3
  Use: Scroll            |       |     8 |     4 |       ||    12
       Potion            |       |     3 |     4 |     5 ||    12
 Stab: Sleeping          |     1 |     1 |       |       ||     2
       Distracted        |       |     2 |       |       ||     2
  Eat: Chunk             |    17 |    18 |    47 |     6 ||    88
Armor: Robe              |    47 |    88 |    67 |     1 ||   203
       Skin              |       |       |    15 |       ||    15
Dodge: Dodged            |   106 |   120 |   108 |     9 ||   343
Block: Shield            |       |       |   218 |    23 ||   241
